 Dungeon Crawl Stone Soup version 0.31.0-11-ge490571c62 (webtiles) character file.

Game seed: 5567658908858210371

11218 Arcadio the Nimble (level 12, -2/93 HPs)
             Began as a Djinni Fire Elementalist on Jan 27, 2024.
             Was an Initiate of Makhleb.
             Hit by a large rock thrown by a cyclops (12 damage)
             ... on level 11 of the Dungeon.
             The game lasted 00:18:23 (11880 turns).

Arcadio the Nimble (Djinni Fire Elementalist)      Turns: 11880, Time: 00:18:23

Health: -2/93      AC:  8    Str:  5    XL:     12   Next: 5%
Gold:   633        EV: 18    Int: 26    God:    Makhleb [......] SH:  0 Dex: 15

rFire   + + +        o - +5 short sword "Taodgh" {pain, Will+ Str-2 Int+5}
rCold   x . .        (no shield)
rNeg    . . .        y - +2 robe {rC+}
rPois   ∞            A - +2 helmet
rElec   .            C - +0 cloak
rCorr   .            (no gloves)
SInv    .            (boots unavailable)
Will    ++...        D - amulet of the acrobat
Stlth   ++           f - ring of fire
HPRegen 0.35/turn    q - ring of protection from fire
MPRegen 0.00/turn

%: acrobat, infuse magic (-3 HP)
@: spiked, flying, invisible
A: sickness immunity, fire resistance 2, cold vulnerability 1, float, innate
caster, HP casting, extra vitality 1
a: Renounce Religion


You were on level 11 of the Dungeon.
You worshipped Makhleb.
Makhleb was noncommittal.
You visited 2 branches of the dungeon, and saw 12 of its levels.

You collected 776 gold pieces.
You spent 143 gold pieces at shops.

Inventory:

Hand Weapons
 h - a -1 dagger
 o - the +5 short sword "Taodgh" (weapon) {pain, Will+ Str-2 Int+5}
   (You found it on level 2 of the Dungeon)

   Str-2:     It affects your strength (-2).
   Int+5:     It affects your intelligence (+5).
   Will+:     It increases your willpower.
 G - a +3 scimitar of flaming
Armour
 a - a +0 robe
 l - +0 steam dragon scales
 p - a +0 helmet
 y - a +2 robe of cold resistance (worn)
 A - a +2 helmet (worn)
 C - a +0 cloak (worn)
Jewellery
 f - a ring of fire (left hand)
 q - a ring of protection from fire (right hand)
 z - a +4 ring of protection
 D - an amulet of the acrobat (around neck)
 L - an amulet of faith
Wands
 t - a wand of polymorph (17)
 F - a wand of mindburst (40)
 K - a wand of quicksilver (8)
Scrolls
 b - 11 scrolls of teleportation
 e - 5 scrolls of vulnerability
 g - 2 scrolls of blinking {unknown}
 j - 4 scrolls of enchant armour
 m - 2 scrolls of fog {unknown}
 n - 4 scrolls of revelation
 r - 2 scrolls of identify
 u - a scroll of fear {unknown}
 x - a scroll of immolation {unknown}
 B - 2 scrolls of enchant weapon
 J - 2 scrolls of amnesia {unknown}
Potions
 c - 9 potions of curing
 d - 2 potions of lignification
 i - 2 potions of enlightenment
 k - 2 potions of attraction
 s - a potion of cancellation {unknown}
 v - a potion of degeneration {unknown}
 w - 2 potions of might
 E - a potion of brilliance {unknown}
 H - 2 potions of invisibility
 I - a potion of resistance {unknown}


   Skills:
 + Level 10.6 Fighting
 + Level 11.8 Dodging
 - Level 1.5 Stealth
 + Level 9.0 Spellcasting
 + Level 9.0 Conjurations
 + Level 9.0 Hexes
 + Level 9.0 Summonings
 + Level 9.0 Necromancy
 + Level 9.0 Translocations
 + Level 9.0 Fire Magic
 + Level 9.0 Ice Magic
 + Level 9.0 Air Magic
 + Level 9.0 Earth Magic
 + Level 9.0 Alchemy


You knew the following spells:

 Your Spells              Type           Power      Damage    Failure   Level
a - Irradiate             Conj/Alch      27%        3d20      3%          5
b - Scorch                Fire           100%       2d9       1%          2
c - Volatile Blastmotes   Fire/Tloc      100%       2d18      1%          3
d - Inner Flame           Hex/Fire       73%        N/A       1%          3
e - Flame Wave            Conj/Fire      73%        2d16      1%          4
f - Necrotise             Necr           100%       1d9       1%          1
g - Ensorcelled Hibernat  Hex/Ice        100%       N/A       1%          2
h - Ozocubu's Armour      Ice            55%        N/A       1%          3
i - Sigil of Binding      Hex            55%        N/A       1%          3
j - Foxfire               Conj/Fire      100%       2x1d9     1%          1
Your spell library was empty.

Dungeon Overview and Level Annotations

Branches:
Dungeon (11/15)            Temple (1/1) D:7            Lair (0/5) D:9
    Orc: D:9-12

Altars:
Ashenzari
Cheibriados
Dithmenos
Elyvilon
Fedhas
Gozag
Hepliaklqana
Makhleb
Nemelex Xobeh
Okawaru
Qazlal
Ru
Trog
Uskayaw
Wu Jian
Xom
Yredelemnul
Zin
The Shining One

Shops:
D:2 (   D:3 ?   D:6 (!((*

Annotations:
D:4 2 transporters
D:8 2 transporters, Yehuk's ghost, novice MiBe


Innate Abilities, Weirdness & Mutations

You are immune to sickness and miasma.
You are immune to poison.
Your flesh is very heat resistant. (rF++)
You are vulnerable to cold. (rC-)
You float through the air rather than walking.
You learn spells naturally, not from books.
Your magical power is your life essence.
You have superior vitality. (+4 MHP)


Message History

You feel a surge of power!
Flames lash the manticore but do no damage.
Casting: Scorch (safe; 1% risk of failure)
Confirm with . or Enter, or press ? or * to list all spells.
You feel a surge of power!
Flames lash the manticore.
The manticore is burned terribly!
You kill the manticore!
Makhleb accepts your kill.
Your Spellcasting skill increases to level 9!
Your Conjurations skill increases to level 9!
Your Hexes skill increases to level 9!
Your Summonings skill increases to level 9!
Your Necromancy skill increases to level 9!
Your Translocations skill increases to level 9!
Your Fire Magic skill increases to level 9!
Your Ice Magic skill increases to level 9!
Your Air Magic skill increases to level 9!
Your Earth Magic skill increases to level 9!
Your Alchemy skill increases to level 9!
Casting: Scorch (safe; 1% risk of failure)
Confirm with . or Enter, or press ? or * to list all spells.
You feel a surge of power!
Flames lash the cyclops.
The cyclops is lightly wounded.
The cyclops's fire resistance burns away.
The cyclops throws a large rock.
The large rock hits you!!!
* * * LOW HITPOINT WARNING * * *
Casting: Scorch (safe; 1% risk of failure)
Confirm with . or Enter, or press ? or * to list all spells.
You feel a surge of power!
Flames lash the cyclops.
The cyclops is burned terribly!
The cyclops is heavily wounded.
* * * LOW HITPOINT WARNING * * *
Okay, then.
Okay, then.
Press: ? - help, v - describe, . - travel
Here: a cyclops, quivering large rocks (heavily wounded, more vulnerable to fire)
The floor.
You fade into invisibility!
The cyclops throws a large rock.
The large rock hits you!
You die...

#+##### .......
########+##
.......####.........####
.......#..'.........'...
....C..@.##.........###.
..>....####.........# ##
....... #.........#
....... #.........#
....... ####+####..#
####### ##.# .# ##


You could see a cyclops (unable to see you, combustible).

Vanquished Creatures
  Erica (D:9)
  2 two-headed ogres
  Pikel (D:6)
  A manticore (D:11)
  A kobold demonologist (D:10)
  A komodo dragon (D:10)
  A troll (D:10)
  Prince Ribbit (D:6)
  2 hornets (D:9)
  14 yaks
  A wyvern (D:9)
  2 steam dragons
  2 vampire mosquitoes (D:10)
  Menkaure (D:6)
  A water moccasin (D:5)
  6 orc warriors
  2 ice beasts
  4 black bears
  2 centaurs
  4 lemures (D:5)
  2 ogres
  4 phantoms
  The ghost of Flugkiller the Digger, an amateur GrEE (D:3)
  8 bullfrogs
  3 kobold brigands
  A scorpion (D:5)
  A wyvern zombie (D:3)
  7 wights
  10 killer bees
  A howler monkey (D:9)
  2 bombardier beetles
  A jelly (D:8)
  A bullfrog skeleton (D:3)
  Crazy Yiuf (D:6)
  A centaur skeleton (D:3)
  6 orc priests
  3 hounds
  4 sleepcaps
  5 iguanas
  Terence (D:3)
  6 orc wizards
  7 gnolls (D:5)
  5 adders
  A shadow imp (D:6)
  A dart slug (D:2)
  A ribbon worm (D:3)
  21 orcs
  8 ball pythons
  4 bats
  4 endoplasms
  2 giant cockroaches
  7 hobgoblins
  5 jackals
  3 quokkas
  A frilled lizard (D:3)
  4 goblins
  12 kobolds
  2 orc zombies (D:11)
  2 rats
209 creatures vanquished.

Vanquished Creatures (others)
  19 foxfires (D:1)
19 creatures vanquished.

Grand Total: 228 creatures vanquished

Notes
Turn   | Place    | Note
-------+----------+-------------------------------------------
     0 | D:1      | Arcadio the Djinni Fire Elementalist began the quest for
                  | the Orb.
     0 | D:1      | Arcadio set off with the following spells memorised:
                  | Foxfire, Scorch, Volatile Blastmotes, Inner Flame, Flame
                  | Wave.
     0 | D:1      | Reached XP level 1. HP: 15/15 MP: 0/0
   158 | D:1      | Reached XP level 2. HP: 21/22 MP: 0/0
   436 | D:1      | Found a faded altar of an unknown god.
   977 | D:2      | Found Ymotogifi's Weapon Shop.
  1040 | D:2      | Identified the +5 short sword "Taodgh" {pain, Will+ Str-2
                  | Int+5}
  1108 | D:2      | Reached skill level 1 in Fighting
  1449 | D:3      | Reached XP level 3. HP: 25/27 MP: 0/0
  1449 | D:3      | Learned a level 1 spell: Necrotise
  1596 | D:3      | Reached skill level 3 in Dodging
  1596 | D:3      | Reached XP level 4. HP: 19/33 MP: 0/0
  1769 | D:3      | Noticed Terence
  1776 | D:3      | Killed Terence
  1777 | D:3      | Reached XP level 5. HP: 21/38 MP: 0/0
  1777 | D:3      | Learned a level 2 spell: Ensorcelled Hibernation
  1884 | D:3      | Found Rubbop's Magic Scroll Shop.
  1892 | D:3      | Bought a scroll of identify for 26 gold pieces
  1892 | D:3      | Bought a scroll of teleportation for 39 gold pieces
  1892 | D:3      | Bought a scroll of teleportation for 39 gold pieces
  1892 | D:3      | Bought a scroll of teleportation for 39 gold pieces
  2159 | D:3      | Found a runed translucent gate.
  2160 | D:3      | Found a runed translucent gate.
  2160 | D:3      | Found a runed translucent gate.
  2163 | D:3      | Noticed Flugkiller's ghost (amateur GrEE)
  2291 | D:3      | You are sucked into a shaft and drop 3 floors!
  2303 | D:6      | Found Apyitz's Weapon Emporium.
  2311 | D:6      | Noticed Prince Ribbit
  2317 | D:6      | Killed Prince Ribbit
  2318 | D:6      | Reached skill level 4 in Dodging
  2318 | D:6      | Reached XP level 6. HP: 40/46 MP: 0/0
  2356 | D:6      | Reached XP level 7. HP: 45/50 MP: 0/0
  2356 | D:6      | Learned a level 3 spell: Ozocubu's Armour
  2428 | D:6      | Reached skill level 5 in Dodging
  2547 | D:6      | Found Gejic's General Store.
  2629 | D:6      | Noticed Menkaure
  2634 | D:6      | Killed Menkaure
  2635 | D:6      | Reached XP level 8. HP: 56/58 MP: 0/0
  2656 | D:6      | Reached skill level 5 in Spellcasting
  2656 | D:6      | Reached skill level 5 in Conjurations
  2656 | D:6      | Reached skill level 5 in Hexes
  2656 | D:6      | Reached skill level 5 in Summonings
  2656 | D:6      | Reached skill level 5 in Necromancy
  2656 | D:6      | Reached skill level 5 in Translocations
  2656 | D:6      | Reached skill level 5 in Fire Magic
  2656 | D:6      | Reached skill level 5 in Ice Magic
  2656 | D:6      | Reached skill level 5 in Air Magic
  2656 | D:6      | Reached skill level 5 in Earth Magic
  2656 | D:6      | Reached skill level 5 in Alchemy
  2660 | D:6      | Reached skill level 6 in Dodging
  2731 | D:5      | Entered Level 5 of the Dungeon
  2793 | D:4      | Reached skill level 5 in Fighting
  3053 | D:4      | Found a transporter.
  3090 | D:4      | Found a transporter.
  3896 | D:5      | Reached XP level 9. HP: 61/66 MP: 0/0
  3896 | D:5      | Learned a level 3 spell: Sigil of Binding
  3906 | D:5      | Reached skill level 7 in Dodging
  4105 | D:5      | Found a glowing silver altar of Zin.
  4981 | D:3      | Killed Flugkiller's ghost
  5181 | D:6      | Noticed Pikel
  5273 | D:6      | Killed Pikel
  5274 | D:6      | Reached skill level 8 in Dodging
  5355 | D:6      | Found Duec's Weapon Emporium.
  5479 | D:6      | Found Heshuzug's Antique Weapon Shoppe.
  5500 | D:6      | Reached XP level 10. HP: 15/75 MP: 0/0
  5689 | D:6      | Found Epta's Distillery.
  5899 | D:6      | Found a runed translucent door.
  5900 | D:6      | Noticed Crazy Yiuf
  5905 | D:6      | Killed Crazy Yiuf
  6009 | D:7      | Found a staircase to the Ecumenical Temple.
  6214 | Temple   | Entered the Ecumenical Temple
  6500 | D:7      | Reached skill level 9 in Dodging
  6767 | D:8      | Found a transporter.
  6818 | D:8      | Noticed Yehuk's ghost (novice MiBe)
  6855 | D:8      | Found a burning altar of Makhleb.
  7006 | D:8      | Found a transporter.
  7082 | D:9      | Noticed Erica
  7092 | D:9      | Killed Erica
  7378 | D:9      | HP: 3/77 [something/magic dart (6)]
  7383 | D:10     | Entered Level 10 of the Dungeon
  7908 | D:9      | Found a staircase to the Lair.
  7908 | D:9      | Noticed a komodo dragon
  7913 | D:9      | Reached skill level 10 in Dodging
  8088 | D:9      | Reached XP level 11. HP: 45/84 MP: 0/0
  8088 | D:9      | Learned a level 5 spell: Irradiate
  8651 | D:8      | HP: 4/84 [yak (10)]
 10005 | D:9      | Reached skill level 11 in Dodging
 10141 | D:9      | Found Ciasih's Weapon Boutique.
 10167 | D:8      | Became a worshipper of Makhleb the Destroyer
 10686 | D:10     | Reached skill level 10 in Fighting
 10772 | D:10     | Noticed a sixfirhy
 10787 | D:10     | Noticed a soul eater
 11257 | D:10     | Identified the +1 whip of the Yoke {chaos, rC+ Int+3}
 11387 | D:10     | Noticed a two-headed ogre
 11395 | D:10     | Killed a two-headed ogre
 11754 | D:11     | Noticed a two-headed ogre
 11765 | D:11     | Killed a two-headed ogre
 11766 | D:11     | Reached XP level 12. HP: 79/92 MP: 0/0
 11880 | D:11     | Hit by a large rock thrown by a cyclops

Illustrated notes

Levels and vault maps discovered:
D:1:      lightli_arrival_isolated_outpost, layout_basic,
          ebering_ecumenical_altar_rust
D:2:      layout_rooms, serial_shops, shop_statue
D:3:      minmay_evil_eye, layout_loops_ring, serial_shops,
          nicolae_shop_temple_entry_statues_fountains,
          gammafunk_ghost_necromancy, uniq_terence
D:4:      gammafunk_wand_slinger, layout_loops_cross, minmay_ruptured
D:5:      layout_basic, zin_treasury
D:6:      layout_basic, serial_shops, nicolae_shop_real_fake_doors,
          nicolae_shop_window_shopping, nicolae_shop_advertising_works
          [nicolae_subvault_shop_adworks], nicolae_shop_statue_plus,
          nicolae_shop_rolling_square, kennysheep_potato,
          uniq_crazy_yiuf_cottage, uniq_prince_ribbit1, uniq_menkaure,
          uniq_pikel
D:7:      layout_rooms, minmay_temple_entry_mini_moons
D:8:      layout_loops_ring, nicolae_overflow_hidden_temple,
          gammafunk_ghost_stat_death, serial_bayou_pond_c,
          nicolae_houndstooth_variations
D:9:      layout_long_grid, grunt_lair_entry_orc_guard_hut, serial_shops,
          nicolae_square_shop, minmay_joined_circles, uniq_erica
D:10:     layout_basic
D:11:     layout_roguey, zombieorc1_lemuel, minmay_between
Temple:   nicolae_temple_bog_church

Skill      XL: |  1  2  3  4  5  6  7  8  9 10 11 12 |
---------------+-------------------------------------+-----
Fighting       | 1 2 3 4 5 7 9 10 | 10.6
Dodging        | 3 4 5 6 8 10 11 | 11.8
Spellcasting   | 4 5 6 7 8 9 |  9.0
Conjurations   | 4 5 6 7 8 9 |  9.0
Hexes          | 4 5 6 7 8 9 |  9.0
Summonings     | 4 5 6 7 8 9 |  9.0
Necromancy     | 4 5 6 7 8 9 |  9.0
Translocations | 4 5 6 7 8 9 |  9.0
Fire Magic     | 4 5 6 7 8 9 |  9.0
Ice Magic      | 4 5 6 7 8 9 |  9.0
Air Magic      | 4 5 6 7 8 9 |  9.0
Earth Magic    | 4 5 6 7 8 9 |  9.0
Alchemy        | 4 5 6 7 8 9 |  9.0
Stealth        | |  1.5

Action                     |  1- 3 |  4- 6 |  7- 9 | 10-12 || total
---------------------------+-------+-------+-------+-------++-------
  Melee: Short sword       |     7 |       |     2 |     1 ||    10
   Cast: Foxfire           |    11 |       |       |       ||    11
         Scorch            |    26 |    27 |   153 |   242 ||   448
         Volatile Blastmot |       |       |     1 |     2 ||     3
         Irradiate         |       |       |       |    14 ||    14
         Ensorcelled Hiber |       |       |       |     1 ||     1
  Evoke: Wand              |       |       |       |     1 ||     1
    Use: Scroll            |       |     4 |     1 |     7 ||    12
         Potion            |       |       |       |     3 ||     3
   Stab: Sleeping          |       |       |     1 |       ||     1
 Armour: Robe              |     6 |     2 |    43 |   110 ||   161
  Dodge: Dodged            |     6 |     1 |    74 |   189 ||   270
